AoeStats
← Gim

Nomad

504212829Analyzed
4v4 RM · 27d ago on Sep 4, 2026· 44m 58s· 8 players
Game mode
Random Map
Map size
231×231
Population
200
Speed
Normal
Resources
Standard
Victory
Conquest
Starting age
Dark Age
Ending age
Imperial Age
RankedLock teamsTeams togetherTeam positionsShared explorationLock speedFull tech treeHidden civsTurbo modeCheats
Victory
Defeat
🇨🇳 Ethiopians · China
1265
+14
🇨🇳 Vietnamese · China
1228
+16
🇹🇼 Koreans · Taiwan
1214
+17
🇨🇳 Spanish · China
1186
+18
🇹🇷 Wei · Türkiye
1295
-19
🇸🇮 Spanish · Slovenia
1264
-18
1200
-15
🇨🇳 Georgians · China
1149
-13
02281
3:24 Loom
13:51 Feudal Age
18:47 Castle Age
17:05 Double-Bit Axe
17:13 Stone Mining
17:52 Gold Mining
19:55 Fletching
20:10 Horse Collar
21:24 Town Watch
25:21 Padded Archer Armor
25:24 Husbandry
27:45 Bloodlines
28:09 Padded Archer Armor
29:22 Leather Archer Armor
31:31 Bodkin Arrow
38:01 Herbal Medicine
43:48 Imperial Age
43:57 Bow Saw
44:25 Stone Shaft Mining
45:33 Chemistry
45:24 Wheelbarrow
Gim
7:51 Loom
14:45 Feudal Age
16:58 Double-Bit Axe
19:20 Castle Age
17:54 Fletching
18:59 Padded Archer Armor
19:33 Crossbowman
20:10 Bodkin Arrow
30:30 Wheelbarrow
31:32 Ballistics
31:38 Horse Collar
39:19 Thumb Ring
43:11 Imperial Age
41:21 Hand Cart
41:28 Scale Barding Armor
41:58 Husbandry
43:15 Chain Barding Armor
44:04 Forging
43:17 Heavy Camel Rider
nicebro
3:53 Loom
13:46 Feudal Age
14:23 Man-at-Arms
16:34 Arson
29:13 Castle Age
27:18 Double-Bit Axe
28:33 Gold Mining
28:38 Stone Mining
29:19 Fletching
33:52 Gold Shaft Mining
33:52 Stone Shaft Mining
33:31 Bow Saw
33:28 Fishing Lines
34:48 Pikeman
36:29 Bodkin Arrow
36:57 Gillnets
38:03 Eupseong
41:47 Imperial Age
39:05 Town Watch
39:15 Gambesons
39:57 Squires
40:03 Scale Mail Armor
40:58 Wheelbarrow
44:03 Chemistry
42:35 Halberdier
43:42 Conscription
45:01 Conscription
fyerlang
3:47 Loom
5:10 Loom
15:07 Feudal Age
19:34 Castle Age
24:29 Bloodlines
24:20 Husbandry
27:58 Fletching
29:43 Scale Barding Armor
32:43 Town Watch
33:34 Wheelbarrow
34:26 Hand Cart
36:03 Forging
40:45 Imperial Age
42:18 Squires
42:04 Arson
42:25 Double-Bit Axe
42:43 Fishing Lines
44:08 Bodkin Arrow
m00n
16:29 Feudal Age
20:05 Castle Age
18:44 Loom
21:09 Wheelbarrow
31:00 Hand Cart
Tamerlane
14:21 Feudal Age
12:43 Loom
18:33 Castle Age
16:59 Double-Bit Axe
17:16 Horse Collar
20:00 Forging
20:14 Bloodlines
21:18 Scale Barding Armor
42:34 Wheelbarrow
BAŞARAMADIM
4:26 Loom
14:45 Feudal Age
21:46 Double-Bit Axe
25:18 Gold Mining
26:37 Stone Mining
30:56 Castle Age
30:32 Fishing Lines
31:01 Fletching
31:11 Padded Archer Armor
33:05 Thumb Ring
34:15 Bow Saw
34:10 Bodkin Arrow
34:30 Leather Archer Armor
37:32 Ballistics
39:22 Wheelbarrow
38:33 Town Watch
39:36 Stone Shaft Mining
39:36 Gold Shaft Mining
40:14 Leather Archer Armor
[Sacred Fart] Turk Turkelton
5:18 Loom
13:12 Feudal Age
16:58 Castle Age
14:50 Double-Bit Axe
14:50 Horse Collar
18:17 Bow Saw
18:09 Heavy Plow
20:16 Wheelbarrow
22:12 Town Watch
25:31 Forging
27:31 Fletching
28:21 Hand Cart
30:24 Iron Casting
36:47 Imperial Age
37:54 Conscription
37:43 Butalmapu
39:02 Blast Furnace
38:25 Elite Kona
Connection lost

Rejoining the realm…

Still unreachable

The connection could not be restored.

Session expired

The server has moved on; the page needs a fresh start.